 Dungeon Crawl Stone Soup version 0.28-a0-461-g2dc4ca5097 (webtiles) character file.

Game seed: 1527383551358642592

106607 robertstho the Eclecticist (level 16, -3/99 HPs)
             Began as a Djinni Fire Elementalist on Sept 13, 2021.
             Was an Initiate of Gozag.
             Killed by an exploding ball lightning (13 damage)
             ... on level 2 of the Swamp.
             The game lasted 01:06:53 (30622 turns).

robertstho the Eclecticist (DjFE)                  Turns: 30622, Time: 01:06:53

Health: -3/99      AC: 15    Str:  7    XL:     16   Next: 99%
Gold:   3245       EV: 17    Int: 25    God:    Gozag SH:  0 Dex: 18

rFire   + + +      SeeInvis +   z - +6 quarterstaff of the Shark {flame, rF+ MP+9 Stlth+}
rCold   . . .      Faith    .   (shield currently unavailable)
rNeg    . . .      Spirit   .   p - +0 ring mail "Fieffyis" {rC+ Dex+3}
rPois   ∞          Reflect  .   g - +3 crown of Dyrovepreva {rElec Int+2 SInv}
rElec   +          Harm     .   y - scarf {+Inv}
rCorr   .          Rampage  .   b - +1 pair of gloves
Will    +....                   (boots unavailable)
Stlth   ++++......              M - amulet of regeneration
HPRegen 1.26/turn               c - +4 ring of evasion
MPRegen 0.00/turn               w - +4 ring of protection

@: gold aura, flying
A: sickness immunity, fire resistance 2, cold vulnerability 1, float, innate
caster, hp casting, extra vitality 1
a: Renounce Religion, Evoke Invisibility, Potion Petition, Call Merchant, Bribe
Branch


You were on level 2 of the Swamp.
You worshipped Gozag.
Gozag was most pleased with you.
You visited 5 branches of the dungeon, and saw 23 of its levels.
You also visited: Bailey.

You collected 7647 gold pieces.
You spent 2849 gold pieces at shops.
You paid 1553 gold pieces to Gozag.

Inventory:

Hand Weapons
 z - the +6 quarterstaff of the Shark (weapon) {flame, rF+ MP+9 Stlth+}
   (You found it on level 7 of the Dungeon)

   It burns those it strikes, dealing additional fire damage.
   rF:        It protects you from fire.
   MP:        It affects your magic capacity (+9).
   Stlth:     It makes you more stealthy.
 V - a +0 hand axe of flaming
 X - the +8 trident of the Jumping Gnat {holy, rF+ Int+7 Dex-5}
   (You found it on level 12 of the Dungeon)

   It has been blessed by the Shining One to cause great damage to the undead
   and demons.
   Int:       It affects your intelligence (+7).
   Dex:       It affects your dexterity (-5).
   rF:        It protects you from fire.
Armour
 b - a +1 pair of gloves (worn)
 g - the +3 crown of Dyrovepreva (worn) {rElec Int+2 SInv}
   (You bought it in a shop on level 6 of the Lair of Beasts)

   Int:       It affects your intelligence (+2).
   rElec:     It insulates you from electricity.
   SInv:      It lets you see invisible.
 p - the +0 ring mail "Fieffyis" (worn) {rC+ Dex+3}
   (You bought it in a shop on level 6 of the Lair of Beasts)

   Dex:       It affects your dexterity (+3).
   rC:        It protects you from cold.
 r - the +1 robe "Xieheot" {rElec Will+ Dex-4}
   (You bought it in a shop on level 6 of the Lair of Beasts)

   Dex:       It affects your dexterity (-4).
   rElec:     It insulates you from electricity.
   Will:      It increases your willpower.
 y - a scarf of invisibility (worn)
 B - a +2 robe of resistance
 T - the +1 leather armour of Zin's Displeasure {+Blink rC+ rN+ Will+}
   (You found it on level 12 of the Dungeon)

   rC:        It protects you from cold.
   rN:        It protects you from negative energy.
   +Blink:    It lets you blink.
   Will:      It increases your willpower.
Jewellery
 c - a +4 ring of evasion (left hand)
 n - a ring of see invisible
 w - a +4 ring of protection (right hand)
 x - a +6 ring of strength
 J - a ring of fire
 M - an amulet of regeneration (around neck)
 N - a ring of positive energy
 O - a +6 ring of intelligence
Wands
 h - a wand of paralysis (12)
 u - a wand of digging (6)
 A - a wand of flame (49)
 F - a wand of mindburst (7)
 H - a wand of iceblast (16)
 K - a wand of acid (34)
 L - a wand of charming (10)
 U - a wand of polymorph (8)
Scrolls
 i - 3 scrolls of immolation
 k - 3 scrolls of blinking
 l - 4 scrolls of magic mapping
 o - 2 scrolls of teleportation
 q - 3 scrolls of fear
 v - a scroll of silence
 C - 3 scrolls of summoning
 D - 2 scrolls of enchant weapon
 E - 2 scrolls of identify
 G - a scroll of holy word
 I - 4 scrolls of enchant armour
 W - a scroll of acquirement
 Z - a scroll of fog
Potions
 a - 2 potions of heal wounds
 d - 6 potions of might
 f - 7 potions of curing
 j - 4 potions of resistance
 s - 7 potions of haste
 t - 4 potions of attraction
 P - 3 potions of magic
 Q - 3 potions of ambrosia
 R - a potion of cancellation
 S - a potion of brilliance
 Y - a potion of berserk rage
Miscellaneous
 e - a tin of tremorstones (2/2)
 m - a condenser vane


   Skills:
 + Level 3.7 Fighting
 + Level 1.7 Short Blades
 + Level 3.0 Staves
 + Level 6.3 Armour
 + Level 8.1 Dodging
 + Level 5.3 Stealth
 + Level 1.8 Unarmed Combat
 + Level 19.0 Spellcasting
 + Level 0.1 Evocations


You had 15 spell levels left.
You knew the following spells:

 Your Spells              Type           Power      Damage    Failure   Level
a - Foxfire               Conj/Fire      100%       2x1d9     0%          1
b - Scorch                Fire           100%       2d10      0%          2
c - Conjure Flame         Conj/Fire      87%        6-21      0%          3
d - Inner Flame           Hex/Fire       87%        N/A       0%          3
e - Flame Wave            Conj/Fire      87%        3d14      1%          4
f - Freeze                Ice            100%       1d11      0%          1
g - Static Discharge      Conj/Air       87%        N/A       0%          2
h - Summon Guardian Gole  Hex/Summ       87%        N/A       0%          3
i - Summon Ice Beast      Ice/Summ       87%        N/A       1%          4
j - Dispel Undead         Necr           87%        3d28      1%          4
k - Blade Hands           Tmut           43%        N/A       1%          5
l - Conjure Ball Lightni  Conj/Air       43%        3x3d15    1%          6
Your spell library was empty.

Dungeon Overview and Level Annotations

Branches:
Dungeon (12/15)            Temple (1/1) D:7            Lair (6/6) D:9
  Swamp (2/4) Lair:4       Spider (0/4) Lair:4        Slime (0/5) Lair:6
    Orc (2/2) D:12            Elf (0/3) Orc:2        Bailey (visited)

Altars:
Ashenzari
Cheibriados
Dithmenos
Elyvilon
Fedhas
Gozag
Hepliaklqana
Kikubaaqudgha
Makhleb
Nemelex Xobeh
Okawaru
Qazlal
Ru
Sif Muna
Trog
Uskayaw
Vehumet
Wu Jian
Xom
Yredelemnul
Zin
The Shining One
Beogh
Jiyva

Shops:
D:4 *[[(*   Orc:2 *[*(   Lair:4 !   Lair:6 [

Annotations:
D:1 1 runed translucent door
D:9 2 transporters, MeowMasterZ's ghost, journeyman DjIE
D:10 1 runed translucent door, heikuro's ghost, journeyman FoFi
Swamp:2 3 runed translucent doors, Racryxty's ghost, adept MiBe


Innate Abilities, Weirdness & Mutations

You are immune to sickness and miasma.
You are immune to poison.
Your flesh is very heat resistant. (rF++)
You are vulnerable to cold. (rC-)
You float through the air rather than walking.
You learn spells naturally, not from books.
Your magical power is your life essence.
You have superior vitality. (+4 HP)


Message History

* * * LOW HITPOINT WARNING * * *
Unknown command.
As you read the scroll of teleportation, it crumbles to dust.
You feel strangely unstable. The foxfire hits you. You resist.
* * * LOW HITPOINT WARNING * * *
The foxfire hits you but does no damage.
Casting: Conjure Ball Lightning (dangerous; 1% risk of failure)
Confirm with . or Enter, or press ? or * to list all spells.
You create some ball lightning!
* * * LOW HITPOINT WARNING * * *
3 ball lightnings come into view.
The will-o-the-wisp gestures.
The will-o-the-wisp conjures some foxfire! 2 foxfires come into view.
The foxfire hits your ball lightning.
Your ball lightning completely resists.
The foxfire hits your ball lightning.
Your ball lightning completely resists.
Your ball lightning explodes!
The blast of lightning engulfs your ball lightning.
Your ball lightning completely resists.
The blast of lightning engulfs you. You resist.
* * * LOW HITPOINT WARNING * * *
The blast of lightning engulfs the will-o-the-wisp!
The will-o-the-wisp resists.
You destroy the will-o-the-wisp!
The blast of lightning engulfs your ball lightning.
Your ball lightning completely resists.
Your ball lightning explodes!
The blast of lightning engulfs your ball lightning.
Your ball lightning completely resists.
The blast of lightning engulfs you! You resist.
* * * LOW HITPOINT WARNING * * *
The blast of lightning engulfs the shambling mangrove!
The shambling mangrove is lightly damaged.
Your surroundings seem slightly different.
Your ball lightning explodes!
The blast of lightning engulfs you! You resist.
You die...
Your body crumbles into a pile of gold.

$ ♣♣♣ ♣♣ ≈ ♣♣§♣♣
≈≈♣♣♣ ..
♣...♣♣.≈..≈♣ .§.
♣♣.≈@...≈... ≈≈.≈
♣♣♣..§§≈....♣
.≈≈≈.♣♣....$§≈.....
≈.≈≈≈.≈≈≈f.♣≈..≈♣≈♣
...≈≈.$..≈...$≈$.♣♣
..≈≈≈...≈≈≈≈≈$≈8♣8≈
.§..≈...$♣.##≈... ≈
..≈.......≈.###.≈#
........≈≈.≈♣


You could see a shambling mangrove.

Vanquished Creatures
  Saint Roka (Orc:2)
  A thorn hunter (Swamp:1)
  A fenstrider witch (Swamp:2)
  Nessos (Orc:2)
  A bunyip (Swamp:2)
  Snorg (D:12)
  2 eleionomae (Swamp:1)
  3 slime creatures (D:12)
  8 hydras
  Erolcha (D:11)
  2 boulder beetles
  7 alligators
  A two-headed ogre (D:12)
  A two-headed ogre (shapeshifter) (D:12)
  A tengu warrior (D:12)
  4 death yaks (Lair:6)
  2 orc high priests
  Urug (D:11)
  Sonja (Orc:1)
  4 spriggans (Swamp:1)
  3 spriggan druids
  3 goliath frogs (Swamp:1)
  A deep elf pyromancer (D:10)
  4 orc knights
  3 bog bodies (Swamp:1)
  An ugly thing (D:12)
  The ghost of rogsnak the Conjurer, a novice DrFE (D:6)
  5 orc sorcerers
  2 cyclopes
  9 elephants
  A will-o-the-wisp (Swamp:2)
  8 black mambas
  Maurice (D:8)
  6 centaur zombies
  Psyche (D:11)
  6 cane toads
  A rime drake (Lair:3)
  6 komodo dragons
  3 tyrant leeches
  3 polar bears
  5 trolls
  A bloated husk (Swamp:1)
  A queen bee (Lair:2)
  3 jumping spiders (Lair:4)
  4 hornets (Swamp:1)
  Grinder (D:5)
  7 dream sheep
  A blink frog (Lair:2)
  2 shadows
  A vampire (D:12)
  4 redbacks (Lair:4)
  A wyvern (Lair:2)
  2 wraiths (D:12)
  51 yaks
  6 basilisks
  A steam dragon (D:7)
  9 vampire mosquitoes
  5 swamp worms
  2 wargs (Orc:1)
  3 acid dragons
  11 water moccasins
  2 swamp drakes
  A black bear (Lair:6)
  2 ice beasts (D:7)
  31 orc warriors
  2 centaurs
  6 ogres
  2 necrophages
  25 wolves
  3 lemures (D:8)
  2 phantoms
  13 bullfrogs
  4 kobold brigands
  Blork the orc (Orc:2)
  A scorpion (D:6)
  15 killer bees
  An electric eel (Lair:5)
  A lava snake (Lair:5)
  5 hounds
  A bullfrog skeleton (D:6)
  20 orc priests
  An iguana (D:4)
  21 orc wizards
  A scorpion zombie (D:5)
  Terence (D:2)
  2 howler monkey zombies
  Robin (D:2)
  9 adders
  5 gnolls
  A howler monkey skeleton (D:5)
  A river rat (Lair:2)
  A shadow imp (D:6)
  A white imp (D:5)
  2 worms
  3 dart slugs
  66 orcs
  6 endoplasms
  3 giant cockroaches
  26 goblins
  10 hobgoblins
  7 jackals
  4 quokkas
  5 ball pythons
  5 bats
  4 frilled lizards
  23 kobolds
  7 rats
587 creatures vanquished.

Vanquished Creatures (collateral kills)
  Harold (D:8)
  2 hydras (Lair:4)
  A catoblepas (Lair:3)
  A two-headed ogre (D:8)
  3 bog bodies (Lair:4)
  Pikel (D:8)
  A manticore (Lair:2)
  3 elephants
  A black mamba (Lair:3)
  4 cane toads
  2 komodo dragons
  A rime drake (Lair:1)
  2 jumping spiders (Lair:4)
  A dream sheep (Lair:3)
  A redback (Lair:4)
  3 wyverns
  10 yaks
  3 basilisks
  2 water moccasins
  2 orc warriors
  Duvessa (D:7)
  A black bear (Lair:4)
  A wolf (Lair:4)
  A lemure (D:8)
  A kobold brigand (D:9)
  2 bullfrogs
  Dowan (D:7)
  9 killer bees (Lair:2)
  An electric eel (Lair:4)
  2 orc priests (D:8)
  An orc wizard (D:9)
  A hell rat (Lair:2)
  An orc (D:8)
  3 kobolds (D:9)
  20 ball lightnings
  14 foxfires
105 creatures vanquished.

Vanquished Creatures (others)
  A catoblepas (Lair:6)
  2 hydras
  A boulder beetle (Lair:3)
  2 death yaks (Lair:6)
  A two-headed ogre (D:9)
  A deep troll shaman (Lair:6)
  A black mamba (Lair:3)
  2 cane toads
  4 komodo dragons
  A polar bear (Lair:4)
  3 wyverns (Lair:2)
  14 yaks
  A steam dragon (D:9)
  An acid dragon (D:9)
  2 orc warriors (D:8)
  A hornet zombie (D:8)
  A wolf (Lair:2)
  3 killer bees (Lair:2)
  An orc priest (D:8)
  An orc wizard (D:8)
  2 orcs
  285 ball lightnings
  887 foxfires
  29 fungi
  49 plants
1296 creatures vanquished.

Grand Total: 1988 creatures vanquished

Notes
Turn   | Place    | Note
-------+----------+-------------------------------------------
     0 | D:1      | robertstho the Djinni Fire Elementalist began the quest for
                  | the Orb.
     0 | D:1      | Reached XP level 1. HP: 15/15 MP: 0/0
     1 | D:1      | Found a runed translucent door.
   481 | D:1      | Reached XP level 2. HP: 21/21 MP: 0/0
   776 | D:1      | Reached skill level 3 in Spellcasting
   889 | D:1      | Reached XP level 3. HP: 23/25 MP: 0/0
   889 | D:1      | Learned a level 1 spell: Freeze
  1475 | D:1      | Found a faded altar of an unknown god.
  1810 | D:2      | Noticed Robin
  1820 | D:2      | Reached XP level 4. HP: 18/31 MP: 0/0
  1821 | D:2      | Killed Robin
  1882 | D:2      | Reached XP level 5. HP: 1/35 MP: 0/0
  1882 | D:2      | Learned a level 2 spell: Static Discharge
  2330 | D:2      | Reached skill level 4 in Spellcasting
  2793 | D:2      | Noticed Terence
  2808 | D:2      | Killed Terence
  3715 | D:3      | Found a white marble altar of Elyvilon.
  4135 | D:3      | Reached XP level 6. HP: 29/40 MP: 0/0
  4851 | D:4      | Noticed an ogre
  4858 | D:4      | Killed an ogre
  4859 | D:4      | Reached skill level 5 in Spellcasting
  4906 | D:4      | Found Waofyax's Armour Emporium.
  4919 | D:4      | Noticed a necrophage
  4926 | D:4      | Killed a necrophage
  4927 | D:4      | Reached XP level 7. HP: 35/45 MP: 0/0
  4927 | D:4      | Learned a level 3 spell: Summon Guardian Golem
  5146 | D:4      | Found Macud's Armour Shop.
  5146 | D:4      | Found Lyipsog's Assorted Antiques.
  5151 | D:4      | Bought a +0 helmet of intelligence for 115 gold pieces
  5312 | D:4      | Found Coor Camaq's Antique Weapon Emporium.
  5330 | D:4      | Found Isaude's General Store.
  5335 | D:4      | Bought a scroll of teleportation for 36 gold pieces
  5335 | D:4      | Bought a potion of degeneration for 12 gold pieces
  5404 | D:4      | Reached skill level 6 in Spellcasting
  5889 | D:5      | Entered Level 5 of the Dungeon
  6143 | D:5      | Reached XP level 8. HP: 44/50 MP: 0/0
  6185 | D:5      | Found a glowing golden altar of the Shining One.
  6258 | D:5      | Found a faded altar of an unknown god.
  6266 | D:5      | Found a faded altar of an unknown god.
  6270 | D:5      | Found a glowing silver altar of Zin.
  6665 | D:5      | Noticed Grinder
  6672 | D:5      | Killed Grinder
  6869 | D:5      | Reached skill level 7 in Spellcasting
  7549 | D:6      | Found a runed translucent gate.
  7549 | D:6      | Found a runed translucent gate.
  7550 | D:6      | Found a runed translucent gate.
  7590 | D:6      | Identified the +8 chain mail "Fealutam" {rPois rF- Str+4}
  7590 | D:6      | Noticed rogsnak's ghost (novice DrFE)
  8774 | D:6      | Killed rogsnak's ghost
  8775 | D:6      | Reached skill level 1 in Short Blades
  8775 | D:6      | Reached skill level 8 in Spellcasting
  8775 | D:6      | Reached XP level 9. HP: 29/56 MP: 0/0
  8775 | D:6      | Learned a level 4 spell: Summon Ice Beast
  9159 | D:7      | Noticed Dowan
  9160 | D:7      | Noticed Duvessa
  9166 | D:7      | Identified the +6 quarterstaff of the Shark {flame, rF+
                  | MP+9 Stlth+}
  9175 | D:7      | Killed Duvessa
  9179 | D:7      | Killed Dowan
  9231 | D:7      | Reached skill level 9 in Spellcasting
  9264 | D:7      | Reached skill level 1 in Fighting
  9431 | D:7      | Found a sacrificial altar of Ru.
  9792 | D:7      | Found a staircase to the Ecumenical Temple.
  9900 | D:7      | Found a hazy altar of Hepliaklqana.
  9902 | D:7      | Found a sparkling altar of Nemelex Xobeh.
  9904 | D:7      | Found a shimmering altar of Xom.
  9904 | D:7      | Found a shadowy altar of Dithmenos.
  9904 | D:7      | Found a basalt altar of Yredelemnul.
  9953 | Temple   | Entered the Ecumenical Temple
 10038 | Temple   | Became a worshipper of Gozag Ym Sagoz the Greedy
 10290 | D:4      | Bought a potion of lignification for 36 gold pieces
 10399 | D:8      | Reached XP level 10. HP: 18/62 MP: 0/0
 10659 | D:8      | Noticed Pikel
 10682 | D:8      | Killed Pikel
 10683 | D:8      | Reached skill level 10 in Spellcasting
 11138 | D:8      | Noticed a two-headed ogre
 11476 | D:8      | Noticed Harold
 11489 | D:8      | Paralysed by Harold for 4 turns
 11496 | D:8      | Killed Harold
 11599 | D:8      | Killed a two-headed ogre
 11600 | D:8      | Reached skill level 11 in Spellcasting
 11600 | D:8      | Reached XP level 11. HP: 41/68 MP: 0/0
 11600 | D:8      | Learned a level 4 spell: Dispel Undead
 12461 | D:8      | Noticed Maurice
 12494 | D:8      | Killed Maurice
 13250 | D:9      | Reached skill level 12 in Spellcasting
 13469 | D:9      | Noticed a two-headed ogre
 13476 | D:9      | Killed a two-headed ogre
 13480 | D:9      | Noticed a two-headed ogre
 13490 | D:9      | Noticed a tengu warrior
 13557 | D:9      | Found a transporter.
 13557 | D:9      | Found a transporter.
 13560 | D:9      | Noticed a manticore
 13574 | D:9      | Noticed MeowMasterZ's ghost (journeyman DjIE)
 13898 | D:9      | Found a staircase to the Lair.
 14199 | D:9      | Reached skill level 1 in Staves
 14411 | Lair:1   | Entered Level 1 of the Lair of Beasts
 14896 | Lair:1   | Reached XP level 12. HP: 71/74 MP: 0/0
 15487 | Lair:2   | Reached skill level 13 in Spellcasting
 17010 | Lair:2   | Reached skill level 14 in Spellcasting
 17986 | Lair:2   | Identified a scroll of acquirement
 17986 | Lair:2   | Acquired 422 gold pieces
 18022 | Lair:3   | Noticed a catoblepas
 18167 | Lair:3   | Killed a catoblepas
 18168 | Lair:3   | Reached XP level 13. HP: 20/79 MP: 0/0
 18168 | Lair:3   | Learned a level 5 spell: Blade Hands
 18668 | Lair:3   | Noticed a six-headed hydra
 18686 | Lair:3   | Killed a six-headed hydra
 18934 | Lair:3   | Noticed a boulder beetle
 18954 | Lair:3   | Killed a boulder beetle
 18955 | Lair:3   | Reached skill level 15 in Spellcasting
 19017 | Lair:3   | Reached skill level 5 in Dodging
 19885 | Lair:4   | Noticed a six-headed hydra
 20040 | Lair:4   | Killed a six-headed hydra
 20595 | Lair:4   | Found a staircase to the Swamp.
 20626 | Lair:4   | Noticed a six-headed hydra
 20945 | Lair:4   | Killed a six-headed hydra
 20981 | Lair:4   | Found a hole to the Spider Nest.
 21003 | Lair:4   | Reached XP level 14. HP: 34/85 MP: 0/0
 21416 | Lair:4   | Reached skill level 16 in Spellcasting
 22109 | Lair:4   | Bought 2 potions of resistance for 300 gold pieces
 22109 | Lair:4   | Bought a potion of heal wounds for 75 gold pieces
 22109 | Lair:4   | Bought a potion of haste for 150 gold pieces
 22109 | Lair:4   | Bought a potion of curing for 45 gold pieces
 22109 | Lair:4   | Bought a potion of heal wounds for 75 gold pieces
 22109 | Lair:4   | Bought 2 potions of curing for 90 gold pieces
 22109 | Lair:4   | Bought 2 potions of might for 120 gold pieces
 22109 | Lair:4   | Bought 2 potions of haste for 300 gold pieces
 22109 | Lair:4   | Bought a potion of flight for 45 gold pieces
 22476 | Lair:5   | Reached skill level 5 in Stealth
 22975 | Lair:6   | Entered Level 6 of the Lair of Beasts
 23322 | Lair:6   | Bought the +3 crown of Dyrovepreva {rElec Int+2 SInv} for
                  | 910 gold pieces
 23322 | Lair:6   | Found the +3 crown of Dyrovepreva {rElec Int+2 SInv}
 23322 | Lair:6   | Bought a polished ring mail for 198 gold pieces
 23322 | Lair:6   | Identified the +0 ring mail "Fieffyis" {rC+ Dex+3} (You
                  | bought it in a shop on level 6 of the Lair of Beasts)
 23322 | Lair:6   | Bought a tattered robe for 125 gold pieces
 23322 | Lair:6   | Identified the +1 robe "Xieheot" {rElec Will+ Dex-4} (You
                  | bought it in a shop on level 6 of the Lair of Beasts)
 23412 | Lair:6   | Reached skill level 17 in Spellcasting
 23452 | Lair:6   | Found a shimmering altar of Xom.
 23519 | Lair:6   | Found a viscous altar of Jiyva.
 23521 | Lair:6   | Found a staircase to the Slime Pits.
 23738 | Lair:6   | Reached XP level 15. HP: 89/92 MP: 0/0
 23738 | Lair:6   | Learned a level 6 spell: Conjure Ball Lightning
 24114 | Lair:6   | Reached skill level 1 in Armour
 24327 | Lair:6   | Identified the +0 flail of Defiance {vorpal, Int+4}
 24539 | D:10     | Entered Level 10 of the Dungeon
 24695 | D:10     | Found a hazy altar of Hepliaklqana.
 24737 | D:10     | Found a runed translucent door.
 24737 | D:10     | Noticed heikuro's ghost (journeyman FoFi)
 25340 | D:11     | Noticed Erolcha
 25397 | D:11     | Killed Erolcha
 25523 | D:11     | Noticed Psyche
 25527 | D:11     | Killed Psyche
 25614 | D:11     | Noticed Urug
 25629 | D:11     | Killed Urug
 26271 | D:12     | Identified the +1 leather armour of Zin's Displeasure
                  | {+Blink rC+ rN+ Will+}
 26360 | D:12     | Reached skill level 1 in Unarmed Combat
 26363 | D:12     | Found a flagged portal.
 26369 | D:12     | Found a staircase to the Orcish Mines.
 26381 | Bailey   | Entered a bailey
 26550 | Bailey   | Found a burning altar of Makhleb.
 27185 | D:12     | Identified the +8 trident of the Jumping Gnat {holy, rF+
                  | Int+7 Dex-5}
 27632 | Orc:1    | Entered Level 1 of the Orcish Mines
 27640 | Orc:1    | Noticed Snorg
 27687 | Orc:1    | Noticed Sonja
 27695 | D:12     | Killed Snorg
 27838 | Orc:1    | Killed Sonja
 28150 | Orc:2    | Entered Level 2 of the Orcish Mines
 28165 | Orc:2    | Noticed Nessos
 28172 | Orc:2    | Killed Nessos
 28173 | Orc:2    | Reached skill level 18 in Spellcasting
 28267 | Orc:2    | Noticed Saint Roka
 28276 | Orc:2    | Killed Saint Roka
 28277 | Orc:2    | Reached XP level 16. HP: 61/98 MP: 0/0
 28419 | Orc:2    | Noticed Blork the orc
 28423 | Orc:2    | Killed Blork the orc
 28485 | Orc:2    | Found a staircase to the Elven Halls.
 28587 | Orc:2    | Found Omneob's Antique Armour Shop.
 28593 | Orc:2    | Found Ybicvat's Antique Weapon Shop.
 28696 | Orc:2    | Found Garirekk's Goods Gallery.
 28781 | Orc:2    | Found Itesos's Book Shop.
 28794 | Orc:2    | Found Kirchuv's General Store.
 28801 | Orc:2    | Bought a potion of magic for 112 gold pieces
 28801 | Orc:2    | Bought a scroll of fog for 28 gold pieces
 28801 | Orc:2    | Bought a scroll of identify for 28 gold pieces
 28801 | Orc:2    | Bought a scroll of immolation for 49 gold pieces
 29478 | Swamp:1  | Entered Level 1 of the Swamp
 29497 | Swamp:1  | Noticed a thorn hunter
 29503 | Swamp:1  | Killed a thorn hunter
 29504 | Swamp:1  | Reached skill level 5 in Armour
 30537 | Swamp:2  | Found a runed translucent gate.
 30537 | Swamp:2  | Found a runed translucent gate.
 30538 | Swamp:2  | Found a runed translucent gate.
 30539 | Swamp:2  | Noticed Racryxty's ghost (adept MiBe)
 30567 | Swamp:2  | Noticed a tentacled monstrosity
 30582 | Swamp:2  | Noticed a fenstrider witch
 30593 | Swamp:2  | Killed a fenstrider witch
 30594 | Swamp:2  | Reached skill level 19 in Spellcasting
 30622 | Swamp:2  | Killed by an exploding ball lightning

Illustrated notes

Levels and vault maps discovered:
D:1:      dpeg_arrival_caged_fury, layout_basic,
          shapermc_ecumenical_altar_acropolis
D:2:      layout_loops_cross, basic_altar, uniq_terence, uniq_robin
D:3:      kennysheep_six_static_rooms, layout_basic, amcnicky_altar_gilded,
          minmay_unequal
D:4:      layout_loops_ring, serial_shops, nicolae_shop_overgrown_old_shop,
          nicolae_shop_window_shopping, shop, shop, shop, serial_park_tiny_1,
          minmay_cut_off
D:5:      layout_loops_ring, mainiacjoe_overflow_tiny_flanked,
          chequers_temple_overflow_minitemple, chequers_decorated_corner,
          cheibrodos_gnoll_hut, uniq_grinder
D:6:      layout_layer_cave, biasface_ghost_orc_armoury,
          hangedman_decor_peaks_small
D:7:      layout_basic, mainiacjoe_overflow_cross_hatched, doesnt_xom_only_xom,
          minmay_temple_entry_mini_moons, uniq_duvessa
D:8:      layout_gridville, uniq_maurice, uniq_harold, uniq_pikel
D:9:      layout_irregular_city, erik_lair_dragon, nzn_ghost_randoct,
          dk_vineyard_3
D:10:     layout_basic, kennysheep_mini, gammafunk_ghost_grave
D:11:     layout_irregular_city, uniq_erolcha, uniq_urug, uniq_psyche
D:12:     layout_stronghold, orc_0_dummy, enter_bailey_4, hangedman_ranch
Temple:   nicolae_temple_great_sept
Lair:1:   layout_chaotic_city
Lair:2:   regret_index_tunnel_blossom, layout_chaotic_city
Lair:3:   layout_hall_layers, st_stairs_12, minivault_25,
          hangedman_lair_generics_rect
Lair:4:   layout_hall_layers, nicolae_swamp_entry_splash_gauntlet,
          nicolae_spider_entry_tight_spaces, beast_lair_carwin_10,
          grunt_megastairs_4, lemuel_fruit_tree
Lair:5:   layout_gridlike
Lair:6:   grunt_lair_end_beastmaster, layout_gridlike, slime_altar_1,
          basic_altar, chequers_serial_rivers_small_3
Swamp:1:  layout_basic_swamp, evilmike_swamp_ruin_house_1
Swamp:2:  layout_basic_swamp, gammafunk_ghost_necromancy,
          nicolae_swamp_tree_designs, swamp_pool1, st_swamp_ruins_1,
          uniq_frances, uniq_donald
Orc:1:    layout_caves, uniq_snorg, uniq_sonja
Orc:2:    grunt_orc_cross, layout_caves, nicolae_alphabet_shops, uniq_nessos

Skill      XL: |  1  2  3  4  5  6  7  8  9 10 11 12 13 14 15 16 |
---------------+-------------------------------------------------+-----
Spellcasting   | 3 4 5 6 8 9 11 12 14 15 17 18 19 | 19.0
Stealth        | 2 3 4 5 |  5.3
Dodging        | 3 4 5 7 8 |  8.1
Short Blades   | 1 |  1.7
Fighting       | 1 2 3 |  3.7
Staves         | 1 2 3 |  3.0
Armour         | 4 6 |  6.3
Unarmed Combat | 1 |  1.8
Evocations     | |  0.1

Action                   |  1- 3 |  4- 6 |  7- 9 | 10-12 | 13-15 | 16-18 || total
-------------------------+-------+-------+-------+-------+-------+-------++-------
Melee: Short sword       |       |     4 |    25 |       |       |       ||    29
       Quarterstaff      |       |       |     7 |     4 |    41 |       ||    52
       Unarmed           |       |       |       |       |    15 |       ||    15
 Cast: Foxfire           |    81 |   101 |    63 |   115 |   120 |    28 ||   508
       Scorch            |       |    35 |    84 |   113 |    88 |     4 ||   324
       Flame Wave        |       |       |     5 |     9 |    53 |    11 ||    78
       Summon Guardian G |       |       |     4 |    55 |    52 |       ||   111
       Summon Ice Beast  |       |       |     1 |    51 |    43 |       ||    95
       Conjure Ball Ligh |       |       |       |       |    77 |    65 ||   142
       Dispel Undead     |       |       |       |       |    12 |       ||    12
       Blade Hands       |       |       |       |       |     2 |       ||     2
Invok: Call Merchant     |       |       |       |       |     2 |       ||     2
Evoke: Wand              |       |       |       |       |     2 |       ||     2
  Use: Scroll            |       |     3 |     1 |     8 |     8 |     6 ||    26
       Potion            |       |       |       |     2 |     1 |     6 ||     9
 Stab: Sleeping          |       |       |       |       |     1 |       ||     1
       Distracted        |       |       |       |       |     1 |       ||     1
Armor: Animal skin       |       |     6 |    12 |       |       |       ||    18
       Robe              |       |       |     5 |    29 |    42 |       ||    76
       Ring mail         |       |       |       |       |    76 |     8 ||    84
Dodge: Dodged            |     1 |    19 |    48 |    78 |   274 |    29 ||   449

Table legend: (Time is in decaauts)
 A = Elapsed time spent in this place.
 B = Non-inter-level travel time spent in this place.
 C = Inter-level travel time spent in this place.
 D = Time resting spent in this place.
 E = Time spent auto-exploring this place.
 F = Levels seen in this place.
 G = Mean time per level.
                   A        B        C        D        E       F      G
               +--------+--------+--------+--------+--------+-----+--------+
         Total |  30661 |  29206 |   1455 |   2659 |  21477 |  24 | 1277.5 |
       Dungeon |  17554 |  16616 |    938 |   1501 |  12822 |  12 | 1462.8 |
        Temple |     96 |     74 |     22 |      0 |     63 |   1 |   96.0 |
          Lair |  10327 |   9940 |    387 |   1090 |   6943 |   6 | 1721.2 |
         Swamp |    981 |    971 |     10 |      8 |    640 |   2 |  490.5 |
  Orcish Mines |   1475 |   1380 |     95 |     60 |    909 |   2 |  737.5 |
        Bailey |    225 |    225 |      0 |      0 |    100 |   1 |  225.0 |
               +--------+--------+--------+--------+--------+-----+--------+

Top non-repeatable levels by time:
  Lair:2: 3041 daAuts
     D:8: 2366 daAuts
     D:1: 2296 daAuts
  Lair:4: 2084 daAuts
  Lair:3: 1935 daAuts
     D:6: 1863 daAuts
     D:9: 1780 daAuts
     D:5: 1440 daAuts
  Lair:6: 1411 daAuts
    D:12: 1344 daAuts
     D:3: 1320 daAuts
     D:4: 1169 daAuts
     D:2: 1160 daAuts
     D:7: 1036 daAuts
    D:10: 970 daAuts
